 Dungeon Crawl Stone Soup version 0.29-a0-925-g0a7a3d12f8 (webtiles) character file.

Game seed: 16658649437333764565

11270 manyhoops the Grappler (level 11, -6/91 HPs)
             Began as a Demigod Transmuter on July 28, 2022.
             Killed from afar by a hell hog (13 damage)
             ... with a fireball
             ... on level 1 of the Abyss on July 29, 2022.
             The game lasted 00:21:17 (12316 turns).

manyhoops the Grappler (Demigod Transmuter)        Turns: 12316, Time: 00:21:18

Health: -6/91      AC:  6    Str: 30    XL:     11   Next: 23%
Magic:  18/22      EV: 12    Int: 22    God:
Gold:   436        SH:  5    Dex: 16    Spells: 12/20 levels left

rFire   + . .      SeeInvis .     - Unarmed
rCold   . . .      Faith    .   (shield currently unavailable)
rNeg    . . .      Spirit   .   k - +1 leather armour of Lust {rPois Str+5 Int-3 Dex+2}
rPois   +          Reflect  +   (no helmet)
rElec   .          Harm     .   D - scarf {rC+ rF+}
rCorr   .          Rampage  .   (gloves currently unavailable)
Will    +....                   x - +0 pair of boots
Stlth   +.........              A - amulet of reflection
HPRegen 0.25/turn               l - +4 ring of slaying
MPRegen 0.18/turn               z - ring "Bipneag" {rPois rC- Str+6 Int+6}

@: about to teleport, blade hands
A: high MP 1, forlorn, divine attributes
a: End Transformation


You were on level 1 of the Abyss.
You had blades for hands.
You visited 1 branch of the dungeon, and saw 11 of its levels.
You visited the Abyss 1 time.
You also visited: Ossuary.

You collected 551 gold pieces.
You spent 115 gold pieces at shops.

Inventory:

Hand Weapons
 H - the +6 war axe of the Tentacled God {flame, rC+ rCorr Dex+3}
   (You took it off a gnoll on level 9 of the Dungeon)

   It burns those it strikes, dealing additional fire damage.
   Big, fiery blades are also staple armaments of hydra-hunters.
   Dex:       It affects your dexterity (+3).
   rC:        It protects you from cold.
   rCorr:     It protects you from acid and corrosion.
Missiles
 K - a throwing net
Armour
 c - a +2 pair of gloves of dexterity (melded)
 k - the +1 leather armour of Lust (worn) {rPois Str+5 Int-3 Dex+2}
   (You found it on level 2 of the Dungeon)

   Str:       It affects your strength (+5).
   Int:       It affects your intelligence (-3).
   Dex:       It affects your dexterity (+2).
   rPois:     It protects you from poison.
 t - the +2 robe "Besaes" {Harm rCorr Int+4 Slay+2}
   (You found it on level 3 of the Dungeon)

   Int:       It affects your intelligence (+4).
   Slay:      It affects your accuracy & damage with ranged weapons and melee
   (+2).
   rCorr:     It protects you from acid and corrosion.
   Harm:      It increases damage dealt and taken.
 x - a +0 pair of boots (worn)
 D - a scarf of resistance (worn)
 G - the +1 robe of the Gate {rC++ Regen+ Int-5 Slay+2}
   (You found it on level 7 of the Dungeon)

   Int:       It affects your intelligence (-5).
   Slay:      It affects your accuracy & damage with ranged weapons and melee
   (+2).
   rC:        It greatly protects you from cold.
   Regen:     It increases your rate of health regeneration.
 I - a +0 robe of the Archmagi
Magical Staves
 n - a staff of conjuration
Jewellery
 l - a +4 ring of slaying (left blade hand)
 z - the ring "Bipneag" (right blade hand) {rPois rC- Str+6 Int+6}
   (You acquired it on level 8 of the Dungeon)

   [ring of intelligence]

   Str:       It affects your strength (+6).
   Int:       It affects your intelligence (+6).
   rC:        It makes you vulnerable to cold.
   rPois:     It protects you from poison.
 A - an amulet of reflection (around neck)
Wands
 a - a wand of mindburst (18)
 h - a wand of paralysis (11)
 q - a wand of iceblast (2)
 L - a wand of polymorph (6)
Scrolls
 b - 2 scrolls of summoning
 d - 2 scrolls of torment
 i - 2 scrolls of poison
 j - 4 scrolls of teleportation
 p - 2 scrolls of enchant weapon
 r - a scroll of amnesia
 s - 3 scrolls of silence
 u - a scroll of vulnerability
 w - 2 scrolls of magic mapping
 y - a scroll of enchant armour
 C - 2 scrolls of brand weapon
 F - a scroll of noise
Potions
 e - 2 potions of magic
 f - 2 potions of flight
 g - a potion of might
 m - a potion of mutation
 v - a potion of brilliance
 B - a potion of resistance
 E - a potion of cancellation
 J - a potion of berserk rage
 N - a potion of ambrosia


   Skills:
 * Level 6.4 Fighting
 - Level 5.5 Armour
 - Level 1.7 Dodging
 + Level 11.2 Unarmed Combat
 - Level 5.2 Spellcasting
 - Level 8.2 Transmutations


You had 12 spell levels left.
You knew the following spells:

 Your Spells              Type           Power      Damage    Failure   Level
a - Beastly Appendage     Tmut           82%        N/A       11%         1
b - Wereblood             Tmut           41%        N/A       12%         2
c - Blade Hands           Tmut           20%        N/A       47%         5

Your spell library contained the following spells:

 Spells                   Type           Power      Damage    Failure   Level
 Spider Form              Tmut/Pois      23%        N/A       36%         3
 Apportation              Tloc           10%        N/A       47%         1
 Freeze                   Ice            20%        1d4       47%         1
 Necrotise                Necr           20%        1d5       47%         1
 Summon Small Mammal      Summ           20%        N/A       47%         1
 Ignite Poison            Fire/Tmut/Pois 17%        N/A       47%         3
 Ice Form                 Ice/Tmut       23%        N/A       63%         4
 Frozen Ramparts          Ice            10%        1d3       75%         3
 Mephitic Cloud           Conj/Pois/Air  5%         N/A       75%         3
 Alistair's Intoxication  Tmut/Pois      15%        N/A       87%         5
 Irradiate                Conj/Tmut      11%        3d15      87%         5
 Animate Dead             Necr           5%         N/A       96%         4
 Hailstorm                Conj/Ice       5%         3d4       96%         4
 Summon Ice Beast         Ice/Summ       5%         N/A       96%         4
 Freezing Cloud           Conj/Ice/Air   2%         6-21      100%        5
 Summon Mana Viper        Hex/Summ       5%         N/A       100%        5
 Dragon Form              Tmut           20%        N/A       100%        7
 Haunt                    Necr/Summ      2%         N/A       100%        7
 Monstrous Menagerie      Summ           2%         N/A       100%        7
 Infestation              Necr           2%         N/A       100%        8


Dungeon Overview and Level Annotations

Branches:
Dungeon (11/15)            Temple (0/1) D:7         Ossuary (visited)
   Lair: D:8-11         Orc: D:9-12

Shops:
D:3 *   D:6 [

Annotations:
D:4 1 runed translucent door, Crazy Yiuf
D:5 3 runed translucent doors, HoaS's ghost, novice GrHu; Peppero's ghost, novice DjCj
D:11 Erolcha


Innate Abilities, Weirdness & Mutations

You have blades for hands.
Your spellcasting is less reliable in this form.
You are incapable of wielding weapons or throwing items.
You have an increased reservoir of magic. (+10% MP)
You shall have no god before yourself.
Your divine heritage dramatically boosts your attributes as you level up.


Message History

Your Unarmed Combat skill increases to level 11!
You shred the small abomination!!!
You destroy the small abomination! 2 hell hogs come into view.
The hell hog squeals angrily.
A hell hog comes into view.
Your hands revert to their normal proportions.
Your +2 pair of gloves of dexterity unmelds from your body.
You feel agile.
The raiju bursts into living lightning!
The living lightning hits you!!
* * * LOW HITPOINT WARNING * * *
The raiju blinks!
Casting: Blade Hands (dangerous; 11% risk of failure)
Confirm with . or Enter, or press ? or * to list all spells.
Your hands turn into razor-sharp scythe blades.
Your +2 pair of gloves of dexterity melds into your body.
You feel clumsy.
Unknown command.
You closely miss the raiju. You slash the raiju!
The raiju is lightly wounded.
You block the raiju's attack.
You shred the raiju!!!
You kill the raiju!
Okay, then.
As you read the scroll of teleportation, it crumbles to dust.
You feel strangely unstable.
You feel the power of the Abyss delaying your translocation!
The hell hog breathes fire at you.
The fireball explodes!
The fireball engulfs you! You resist.
* * * LOW HITPOINT WARNING * * *
You hear an angry squeal. x3; You hear a screech!
Okay, then.
Blink to where?
Press: ? - help, Dir - move target
As you read the scroll of blinking, it crumbles to dust.
The hell hog breathes fire at you.
The fireball explodes!
The fireball engulfs you! You resist.
You die...

#...#.##..
###.....#.#. ..
#..#h..#...##.
#†#...#....#.#
#.##§.........
## ###.#.....#
#.#...#..##.#..
. .#..........
.### #@#
...........#
..#.##.#.##.#
## ##


You could see a hell hog (catching breath).

Vanquished Creatures
  A two-headed ogre (D:9)
  2 thrashing horrors (Abyss:1)
  Amaemon (D:8)
  A phantasmal warrior (Abyss:1)
  A gargoyle (D:10)
  An orange demon (D:8)
  Psyche (D:8)
  Grinder (D:3)
  A raiju (Abyss:1)
  2 hornets
  8 yaks
  A small abomination (Abyss:1)
  2 wraiths (D:10)
  2 basilisks
  3 vampire mosquitoes (D:10)
  4 black bears
  4 orc warriors
  2 ice beasts
  2 centaurs
  3 phantoms
  2 kobold brigands
  A bullfrog (D:6)
  3 gnoll sergeants
  2 necrophages (D:6)
  4 scorpions
  16 wights
  15 killer bees
  5 centaur zombies (Ossuary)
  3 jellies
  6 orc priests
  A gnoll bouda (D:9)
  5 hounds
  Ijyb (D:3)
  An iguana (D:4)
  8 orc wizards
  6 mummies (Ossuary)
  9 gnolls
  8 adders
  A white imp (D:7)
  2 ufetubi
  50 orcs
  5 ball pythons
  4 bats
  9 endoplasms
  3 giant cockroaches
  10 goblins
  7 hobgoblins
  18 kobolds
  2 quokkas
  4 frilled lizards
  2 hobgoblin zombies (Ossuary)
  9 rats
265 creatures vanquished.

Vanquished Creatures (others)
  A plant (D:2)
  6 withered plants (D:5)
7 creatures vanquished.

Grand Total: 272 creatures vanquished

Notes
Turn   | Place    | Note
-------+----------+-------------------------------------------
     0 | D:1      | manyhoops the Demigod Transmuter began the quest for the
                  | Orb.
     0 | D:1      | Reached XP level 1. HP: 15/15 MP: 5/5
   136 | D:1      | Reached skill level 3 in Unarmed Combat
   319 | D:1      | Reached XP level 2. HP: 18/22 MP: 5/7
   441 | D:1      | Learned a level 2 spell: Wereblood
   548 | D:1      | Reached skill level 1 in Fighting
  1346 | D:2      | Reached skill level 4 in Unarmed Combat
  1346 | D:2      | Reached XP level 3. HP: 25/28 MP: 6/8
  1359 | D:2      | Identified the +1 leather armour of Lust {rPois Str+5 Int-3
                  | Dex+2}
  2423 | D:3      | Identified the +3 sling "Tuaquhon" {vorpal, rC+}
  2455 | D:3      | Reached XP level 4. HP: 35/35 MP: 9/9
  2584 | D:3      | Found Fympam's General Store.
  2594 | D:3      | Bought a scroll of teleportation for 33 gold pieces
  2594 | D:3      | Bought a scroll of blinking for 82 gold pieces
  2605 | D:3      | Noticed Ijyb
  2620 | D:3      | Killed Ijyb
  2853 | D:3      | Noticed Grinder
  2860 | D:3      | Paralysed by Grinder for 4 turns
  2873 | D:3      | Paralysed by Grinder for 2 turns
  2880 | D:3      | Killed Grinder
  2881 | D:3      | Reached skill level 6 in Unarmed Combat
  2881 | D:3      | Reached XP level 5. HP: 22/41 MP: 10/10
  2881 | D:3      | Reached XP level 6. HP: 26/48 MP: 11/11
  3197 | D:3      | Identified the +2 robe "Besaes" {Harm rCorr Int+4 Slay+2}
  3515 | D:4      | Found a runed translucent door.
  3516 | D:4      | Noticed Crazy Yiuf
  4576 | D:5      | Entered Level 5 of the Dungeon
  4585 | D:4      | Reached XP level 7. HP: 54/55 MP: 10/12
  4750 | D:5      | Reached skill level 5 in Transmutations
  5165 | D:5      | Learned a level 5 spell: Blade Hands
  5218 | D:5      | Found a runed translucent gate.
  5218 | D:5      | Found a runed translucent gate.
  5218 | D:5      | Found a runed translucent gate.
  5219 | D:5      | Noticed HoaS's ghost (novice GrHu)
  5220 | D:5      | Noticed Peppero's ghost (novice DjCj)
  5774 | D:5      | Reached XP level 8. HP: 59/61 MP: 11/13
  6063 | D:6      | Found a sand-covered staircase.
  6072 | Ossuary  | Entered an ossuary
  6441 | D:6      | Reached skill level 5 in Spellcasting
  6483 | D:6      | Identified the +8 short sword of Rescuing Sudden Death
                  | {freeze, rElec rPois rC- Dex+6}
  7494 | D:6      | Found Humiozuh's Antique Armour Boutique.
  7501 | D:6      | Reached XP level 9. HP: 67/67 MP: 18/20
  7699 | D:7      | Found a staircase to the Ecumenical Temple.
  7705 | D:7      | Identified the +1 robe of the Gate {rC++ Regen+ Int-5
                  | Slay+2}
  7721 | D:7      | You fall into a shaft and drop 1 floor!
  7747 | D:8      | Identified a scroll of acquirement
  7748 | D:8      | Acquired the ring "Bipneag" {rPois rC- Str+6 Int+6}
  7873 | D:8      | Reached skill level 1 in Armour
  8093 | D:8      | Noticed an orange demon
  8093 | D:8      | Noticed Amaemon
  8112 | D:8      | Killed an orange demon
  8121 | D:8      | HP: 3/68 [poisoned by Amaemon]
  8149 | D:8      | Killed Amaemon
  8150 | D:8      | Reached skill level 5 in Armour
  8590 | D:8      | Reached skill level 7 in Unarmed Combat
  8825 | D:8      | Noticed Psyche
  8831 | D:8      | Killed Psyche
  8832 | D:8      | Reached XP level 10. HP: 74/78 MP: 15/21
  9129 | D:9      | Reached skill level 8 in Unarmed Combat
  9295 | D:9      | Noticed a two-headed ogre
  9301 | D:9      | Killed a two-headed ogre
  9302 | D:9      | Reached skill level 5 in Fighting
  9647 | D:9      | Reached skill level 9 in Unarmed Combat
  9852 | D:9      | Identified the +6 war axe of the Tentacled God {flame, rC+
                  | rCorr Dex+3}
 10599 | D:10     | Entered Level 10 of the Dungeon
 11076 | D:10     | Reached skill level 10 in Unarmed Combat
 11314 | D:10     | Identified the +3 leather armour "Idghag" {Str+5}
 11711 | D:10     | Reached XP level 11. HP: 84/89 MP: 16/22
 12150 | D:11     | Noticed Erolcha
 12150 | Abyss:1  | Cast into level 1 of the Abyss (Erolcha)
 12163 | Abyss:1  | Noticed a phantasmal warrior
 12176 | Abyss:1  | Killed a phantasmal warrior
 12268 | Abyss:1  | Noticed a thrashing horror
 12279 | Abyss:1  | Killed a thrashing horror
 12287 | Abyss:1  | Noticed a thrashing horror
 12297 | Abyss:1  | Killed a thrashing horror
 12298 | Abyss:1  | Reached skill level 11 in Unarmed Combat
 12304 | Abyss:1  | Noticed a hell hog
 12304 | Abyss:1  | Noticed a hell hog
 12305 | Abyss:1  | Noticed a hell hog
 12316 | Abyss:1  | Killed from afar by a hell hog

Illustrated notes

Levels and vault maps discovered:
D:1:      psy_arrival_radial02, layout_basic, minmay_box_of_dots
D:2:      layout_basic, serial_forest, infiniplex_forest_3_way,
          infiniplex_forest_zigzag_2, infiniplex_forest_straight_5,
          infiniplex_forest_straight_1, infiniplex_forest_straight_2,
          infiniplex_forest_end_1, infiniplex_forest_corner_1,
          infiniplex_forest_straight_3, infiniplex_forest_straight_2,
          hellmonk_ecumenical_altar_zigzags
D:3:      layout_loops_ring, mainiacjoe_overflow_surrounded_room, serial_shops,
          nicolae_shop_statue_plus, uniq_ijyb, uniq_grinder
D:4:      layout_loops_ring, elyvilon_altar_1,
          grunt_dithmenos_smoke_and_mirrors, minivault_26,
          uniq_crazy_yiuf_cottage
D:5:      layout_cave_pools, gammafunk_ghost_cemetery
D:6:      layout_basic, nicolae_tso_carved_into_rock,
          nicolae_ossuary_entry_monument, serial_shops, shop
D:7:      layout_rooms, minmay_temple_entry_offerings
D:8:      layout_loops_ring, nzn_wu_jian_contemplation, uniq_psyche,
          uniq_amaemon
D:9:      layout_stronghold
D:10:     kennysheep_ambush_hall, layout_loops_ring, kennysheep_generic_room_15
D:11:     layout_basic, dpeg_lair_monsters, uniq_erolcha
Abyss:1:  base: D:3, minivault_25_ag

Skill      XL: |  1  2  3  4  5  6  7  8  9 10 11 |
---------------+----------------------------------+-----
Unarmed Combat | 3 4 6 7 10 11 | 11.2
Fighting       | 1 2 3 6 |  6.4
Transmutations | 4 7 8 |  8.2
Spellcasting   | 5 |  5.2
Armour         | 5 |  5.5
Dodging        | |  1.7

Action                   |  1- 3 |  4- 6 |  7- 9 | 10-12 || total
-------------------------+-------+-------+-------+-------++-------
Melee: Unarmed           |   136 |    94 |   211 |   157 ||   598
       Kick              |     9 |    14 |    42 |       ||    65
       Headbutt          |     4 |     8 |    15 |       ||    27
       Punch             |     2 |     3 |     3 |    10 ||    18
 Cast: Beastly Appendage |    14 |    11 |    26 |     1 ||    52
       Wereblood         |     2 |     4 |     8 |     9 ||    23
       Blade Hands       |       |       |    10 |    27 ||    37
Evoke: Wand              |       |       |     3 |       ||     3
  Use: Potion            |       |     2 |     3 |       ||     5
       Scroll            |       |     6 |    10 |    10 ||    26
 Stab: Sleeping          |     1 |       |       |       ||     1
Armor: Robe              |    25 |     5 |    33 |     5 ||    68
       Leather armour    |     8 |    12 |     8 |    27 ||    55
       Skin              |       |     1 |       |       ||     1
Dodge: Dodged            |    75 |    45 |   120 |    62 ||   302
Block: Other             |       |       |    33 |    30 ||    63
       Reflection        |       |       |       |     2 ||     2

Table legend: (Time is in decaauts)
 A = Elapsed time spent in this place.
 B = Non-inter-level travel time spent in this place.
 C = Inter-level travel time spent in this place.
 D = Time resting spent in this place.
 E = Time spent auto-exploring this place.
 F = Levels seen in this place.
 G = Mean time per level.
                   A        B        C        D        E       F      G
               +--------+--------+--------+--------+--------+-----+--------+
         Total |  12248 |  11868 |    380 |   1189 |   8802 |  13 |  942.2 |
       Dungeon |  11902 |  11522 |    380 |   1142 |   8669 |  11 | 1082.0 |
         Abyss |    162 |    162 |      0 |     47 |      0 |   1 |  162.0 |
       Ossuary |    184 |    184 |      0 |      0 |    133 |   1 |  184.0 |
               +--------+--------+--------+--------+--------+-----+--------+

Top non-repeatable levels by time:
     D:9: 1511 daAuts
    D:10: 1508 daAuts
     D:6: 1418 daAuts
     D:8: 1347 daAuts
     D:1: 1332 daAuts
     D:4: 1293 daAuts
     D:5: 1250 daAuts
     D:3: 1067 daAuts
     D:2: 1043 daAuts
 Ossuary: 184 daAuts
 Abyss:1: 162 daAuts
     D:7: 93 daAuts
    D:11: 36 daAuts
